 Dungeon Crawl Stone Soup version 0.31-a0-765-g67fe2935dc (webtiles) character file.

Game seed: 15935857854065106777

4 javelincjr the Conjurer (level 1, -2/11 HPs)
             Began as an Octopode Conjurer on Sept 15, 2023.
             Slain by a rat (3 damage)
             ... on level 1 of the Dungeon.
             The game lasted 00:00:18 (60 turns).

javelincjr the Conjurer (Octopode Conjurer)           Turns: 60, Time: 00:00:18

Health: -2/11      AC:  1    Str:  6    XL:     1   Next: 60%
Magic:  1/3        EV: 13    Int: 20    God:
Gold:   0          SH:  0    Dex: 10    Spells: 3/4 levels left

rFire   . . .        (no weapon)
rCold   . . .        (no shield)
rNeg    . . .        (helmet restricted)
rPois   .            (no amulet)
rElec   .            (no ring)
rCorr   .            (no ring)
SInv    .            (no ring)
Will    .....        (no ring)
Stlth   +++          (no ring)
HPRegen 0.21/turn    (no ring)
MPRegen 0.08/turn    (no ring)
                     (no ring)

%: no passive effects
@: no status effects
A: almost no armour, amphibious, 8 rings, camouflage 1, gelatinous body 1,
(nimble swimmer 1), tentacles
a: no special abilities


You were on level 1 of the Dungeon.
You visited 1 branch of the dungeon, and saw 1 of its levels.

Inventory:

Potions
 a - a potion of magic


   Skills:
 + Level 2.1 Dodging
 + Level 2.8 Stealth
 + Level 2.0 Spellcasting
 + Level 4.0 Conjurations


You had 3 spell levels left.
You knew the following spells:

 Your Spells              Type           Power      Damage    Failure   Level
a - Magic Dart            Conj           72%        1d6       3%          1

Your spell library contained the following spells:

 Spells                   Type           Power      Damage    Failure   Level
 Searing Ray              Conj           36%        2d5       4%          2
 Dazzling Flash           Conj/Hex       20%        N/A       21%         3
 Fulminant Prism          Conj/Hex       5%         3d6       56%         4
 Iskenderun's Mystic Bla  Conj/Tloc      10%        2d4       56%         4


Dungeon Overview and Level Annotations

Branches:
Dungeon (1/15)

Altars:


Innate Abilities, Weirdness & Mutations

You cannot wear most types of armour.
You are amphibious.
You can wear up to eight rings at the same time.
Your skin changes colour to match your surroundings (Stealth+).
Your rubbery body absorbs attacks. (AC +1, EV +1)
((You are camouflaged when in or above water. (Stealth+)))
You have tentacles for arms and can constrict up to eight enemies at once.


Message History

You tentacle-slap the bat. Your grab misses the bat. You squeeze the bat.
The bat is severely wounded.
The bat misses you. The bat closely misses you. The bat completely misses you.
The bat hits you but does no damage.
You tentacle-slap the bat but do no damage.
Your grab misses the bat. Your squeeze misses the bat.
The bat is severely wounded.
The bat hits you. The rat barely misses you.
The magic dart hits the bat.
You kill the bat!
The rat bites you.
You tentacle-slap the rat. Your grab misses the rat.
The rat is heavily wounded.
The rat bites you. The rat barely misses you.
You tentacle-slap the rat but do no damage.
You grab the rat.
The rat is heavily wounded.
You constrict the rat, but do no damage.
The rat bites you but does no damage. The rat bites you. x2
You are too injured to fight recklessly!
You release your grip on the rat.
The rat attacks as it pursues you! The rat barely misses you.
The rat misses you. The rat attacks as it pursues you! The rat bites you.
* * * LOW HITPOINT WARNING * * *
The rat attacks as it pursues you! The rat misses you.
The rat attacks as it pursues you! The rat closely misses you.
You tentacle-slap the rat but do no damage.
Your grab misses the rat. Your squeeze misses the rat.
The rat is heavily wounded.
The rat barely misses you.
You completely miss the rat. You grab the rat.
The rat is heavily wounded.
You constrict the rat.
You kill the rat!
You closely miss the rat. Your grab misses the rat. The rat bites you.
* * * LOW HITPOINT WARNING * * *
You closely miss the rat. You grab the rat. You constrict the rat.
The rat bites you.
You die...

#...........
#.....).#
#......:#
#.......#
#.......#
#.......#
#r###...# #r#
#...# ...# #@#
#...# ##### #..#
#.# #...#
##8.8###..# #.#
...# #......#..#
#.# .#
#......#..# #.#
##..8...#..#.#.#
#8......#..#.#.#
#<......'....#.#
#8......##.###.#


You could see 2 rats.

Vanquished Creatures
  A bat (D:1)
  A kobold (D:1)
  A ball python (D:1)
  A rat (D:1)
4 creatures vanquished.

Notes
Turn   | Place    | Note
-------+----------+-------------------------------------------
     0 | D:1      | javelincjr the Octopode Conjurer began the quest for the
                  | Orb.
     0 | D:1      | Reached XP level 1. HP: 11/11 MP: 3/3
    60 | D:1      | Slain by a rat

Illustrated notes

Levels and vault maps discovered:
D:1:      mrwooster_arrival_statue_3, layout_basic

Action                     || total
---------------------------++-------
  Melee: Unarmed           ||    11
         Constrict         ||     4
         Tentacles         ||     2
   Cast: Magic Dart        ||     4
 Armour: Skin              ||    14
  Dodge: Dodged            ||    13

Table legend: (Time is in decaauts)
 A = Elapsed time spent in this place.
 B = Non-inter-level travel time spent in this place.
 C = Inter-level travel time spent in this place.
 D = Time resting spent in this place.
 E = Time spent auto-exploring this place.
 F = Levels seen in this place.
 G = Mean time per level.
                   A        B        C        D        E       F      G
               +--------+--------+--------+--------+--------+-----+--------+
         Total |     60 |     60 |      0 |      0 |     34 |   1 |   60.0 |
       Dungeon |     60 |     60 |      0 |      0 |     34 |   1 |   60.0 |
               +--------+--------+--------+--------+--------+-----+--------+

Top non-repeatable levels by time:
     D:1: 60 daAuts
